Map: Frost LE

Players

FLORENCIO - Winner!

  • Race: Protoss Protoss
  • League: Master

Pazrael

  • Race: Zerg Zerg
  • League: Diamond

VOD

Have the link to the VOD?

Description

Time

  • Played on: May 29, 2016, 3:58 p.m.
  • Length: 17:31
Show
View Real Time Build Order
Export as new Build Order

FLORENCIO Protoss - Winner!

Build Orders: 1 Gate Expand 

Get SALT Encoding   

  12  0:01  Probe (Chrono Boost)  
  13  0:12  Probe (Chrono Boost)  
  14  0:22  Probe (Chrono Boost)  
  15  0:32  Pylon  
  16  0:50  Probe (Chrono Boost), Gateway  
  16  1:00  Probe (Chrono Boost)  
  17  1:05  Assimilator  
  17  1:08  Assimilator  
  17  1:11  Probe (Chrono Boost)  
  18  1:21  Probe (Chrono Boost)  
  19  1:32  Probe (Chrono Boost)  
  20  1:37  Nexus  
  20  1:46  Cybernetics Core  
  20  1:52  Probe (Chrono Boost)  
  21  2:03  Probe (Chrono Boost)  
  21  2:05  Pylon  
  22  2:14  Probe (Chrono Boost)  
  23  2:28  Stalker  
  23  2:29  Pylon  
  25  2:32  Mothership Core (Chrono Boost)  
  27  2:49  Probe (Chrono Boost)  
  27  2:50  Probe (Chrono Boost)  
  29  3:00  Probe (Chrono Boost)  
  29  3:05  Probe (Chrono Boost)  
  31  3:07  Assimilator  
  31  3:09  Assimilator  
  31  3:10  Probe (Chrono Boost)  
  32  3:15  Probe (Chrono Boost)  
  32  3:19  Pylon  
  33  3:39  Stargate  
  33  3:40  Stargate  
  33  3:42  Stargate  
  33  3:49  Pylon  
  33  3:52  Pylon, Probe x2 (Chrono Boost)  
  36  4:03  Probe (Chrono Boost)  
  36  4:09  Probe (Chrono Boost)  
  37  4:13  Probe (Chrono Boost)  
  38  4:20  Probe (Chrono Boost)  
  38  4:24  Probe (Chrono Boost)  
  40  4:26  Oracle x2  
  40  4:28  Oracle  
  49  4:35  Stalker  
  51  5:03  Oracle x2  
  51  5:04  Oracle  
  60  5:30  Forge  
  60  5:35  Probe x2 (Chrono Boost)  
  62  5:38  Pylon  
  62  5:45  Probe (Chrono Boost)  
  62  5:46  Probe (Chrono Boost)  
  64  5:53  Pylon  
  64  5:59  Void Ray x3  
  76  6:09  Photon Cannon  
  76  6:10  Photon Cannon  
  76  6:34  Pylon  
  76  6:41  Void Ray  
  76  6:42  Void Ray  
  84  6:48  Photon Cannon  
  84  6:52  Pylon  
  84  6:56  Pylon  
  84  6:57  Pylon  
  84  6:58  Pylon  
  84  7:14  Pylon  
  84  7:30  Nexus  
  84  7:33  Void Ray  
  88  7:58  Void Ray x2  
  96  8:05  Probe (Chrono Boost)  
  97  8:08  Probe (Chrono Boost)  
  97  8:11  Pylon  
  98  8:15  Probe (Chrono Boost)  
  98  8:19  Probe (Chrono Boost)  
  100  8:26  Probe (Chrono Boost)  
  93  8:51  Phoenix x3  
  99  8:57  Pylon  
  99  9:10  Assimilator  
  99  9:15  Photon Cannon  
  99  9:16  Phoenix x3, Photon Cannon  
  105  9:20  Photon Cannon  
  105  9:22  Photon Cannon  
  105  9:24  Pylon  
  105  9:26  Probe (Chrono Boost)  
  106  9:40  Gateway  
  106  9:41  Probe (Chrono Boost)  
  106  9:43  Gateway  
  107  9:47  Probe (Chrono Boost)  
  108  9:58  Assimilator, Probe (Chrono Boost)  
  85  10:57  Nexus  
  85  10:58  Pylon  
  85  10:59  Void Ray x3  
  85  11:00  Pylon  
  97  11:07  Probe (Chrono Boost), Gateway  
  97  11:10  Cybernetics Core  
  98  11:17  Photon Cannon x2  
  98  11:18  Probe (Chrono Boost)  
  99  11:20  Photon Cannon  
  99  11:25  Photon Cannon  
  99  11:41  Void Ray  
  99  11:46  Gateway x2  
  103  11:47  Void Ray  
  103  11:48  Void Ray  
  111  12:02  Mothership Core (Chrono Boost)  
  113  12:22  Twilight Council, Zealot x2  
  117  12:24  Probe (Chrono Boost)  
  117  12:25  Probe (Chrono Boost)  
  119  12:33  Photon Cannon  
  119  12:34  Probe (Chrono Boost), Pylon  
  119  12:36  Probe (Chrono Boost)  
  121  12:38  Assimilator  
  121  12:40  Assimilator, Void Ray  
  125  12:45  Probe (Chrono Boost)  
  125  12:46  Probe (Chrono Boost)  
  127  12:56  Zealot x3  
  127  12:57  Zealot  
  135  12:59  Warp Gate (Chrono Boost)  
  135  13:05  Dark Shrine  
  133  13:51  Stalker  
  133  13:53  Stalker x3, Photon Cannon  
  133  13:55  Photon Cannon  
  141  14:01  Gateway  
  137  14:03  Gateway  
  137  14:04  Gateway  
  137  14:05  Gateway  
  139  14:37  Nexus  
  137  14:48  Gateway  
  137  14:50  Gateway  
  137  14:57  Dark Templar x2  
  137  14:58  Dark Templar x2  
  145  15:12  Dark Templar x3  
  145  15:13  Dark Templar x2  
  155  15:21  Archon x4  
  155  15:27  Probe  
  155  15:30  Probe  
  155  15:33  Dark Templar x4  
  165  15:37  Probe  
  166  15:43  Probe  
  166  15:48  Probe  
  166  15:49  Dark Templar x4  
  176  15:50  Dark Templar  
  176  15:52  Archon x2  
  176  15:53  Archon x2  
  176  15:54  Archon  
  176  15:55  Probe  
  179  15:58  Probe  
  180  16:09  Probe, Dark Templar  
  180  16:10  Dark Templar x5  
  193  16:19  Archon x3  
  193  16:25  Dark Templar  
  179  17:09  Stalker x2  
  179  17:10  Stalker x6  
  179  17:11  Stalker  
Show
View Real Time Build Order
Export as new Build Order

Pazrael Zerg 

Build Orders: 3 Hatch before Pool 

Get SALT Encoding   

  12  0:02  Drone  
  13  0:13  Overlord  
  13  0:18  Drone  
  14  0:31  Drone x2  
  14  0:35  Drone  
  17  0:54  Hatchery  
  16  0:57  Drone  
  17  1:19  Hatchery  
  17  1:21  Drone  
  17  1:33  Spawning Pool  
  17  1:36  Drone  
  17  1:41  Drone  
  17  1:43  Drone  
  19  1:51  Extractor  
  19  1:52  Drone  
  20  2:01  Drone  
  20  2:06  Drone  
  21  2:09  Drone  
  22  2:16  Drone  
  22  2:20  Drone  
  22  2:21  Queen  
  26  2:25  Queen  
  28  2:30  Overlord  
  28  2:33  Drone  
  29  2:37  Drone  
  29  2:42  Drone x2  
  32  2:45  Drone  
  33  2:55  Drone  
  33  2:56  Drone x2  
  36  3:05  Queen  
  36  3:08  Metabolic Boost  
  36  3:11  Drone x4  
  42  3:15  Overlord  
  42  3:27  Overlord  
  42  3:40  Drone x2  
  42  3:41  Drone x6  
  50  3:50  Overlord x2  
  51  3:55  Zergling x4  
  51  3:56  Zergling x2  
  53  4:07  Drone x3  
  53  4:09  Hatchery  
  55  4:11  Drone x3  
  55  4:13  Zergling x6  
  55  4:14  Zergling x4  
  63  4:23  Extractor, Drone  
  63  4:24  Extractor, Drone x4  
  66  4:39  Overlord x3  
  66  4:46  Spore Crawler  
  66  4:47  Spore Crawler  
  66  4:48  Drone  
  66  4:49  Drone x7  
  72  4:56  Overlord x2  
  72  4:57  Overlord  
  71  5:02  Zergling x4  
  70  5:13  Spine Crawler, Extractor  
  67  5:14  Drone x3  
  67  5:15  Extractor  
  67  5:21  Zergling x6  
  70  5:25  Queen  
  70  5:28  Lair  
  73  5:29  Zergling x2  
  73  5:32  Queen  
  73  5:33  Drone  
  73  5:34  Drone x2  
  79  5:42  Zergling x2  
  80  5:43  Zergling x12  
  84  5:51  Zergling x2  
  84  5:52  Zergling x6  
  84  5:54  Extractor  
  84  5:55  Hatchery  
  84  5:56  Drone, Evolution Chamber  
  86  5:57  Drone x2  
  86  5:58  Evolution Chamber  
  87  6:04  Zergling x2  
  87  6:05  Zergling x10  
  93  6:14  Drone x3  
  93  6:18  Spine Crawler  
  95  6:19  Spore Crawler  
  78  6:29  Spore Crawler  
  78  6:30  Spore Crawler  
  78  6:31  Spore Crawler  
  68  6:33  Spire  
  62  6:50  Spore Crawler, Drone  
  62  6:51  Drone x8  
  62  6:53  Spore Crawler  
  51  7:16  Drone  
  51  7:17  Drone  
  51  7:18  Drone x6  
  59  7:32  Queen, Hatchery  
  59  7:33  Spore Crawler  
  59  7:34  Drone x2  
  60  7:53  Mutalisk x2  
  60  7:54  Mutalisk x8  
  80  8:01  Zerg Melee Weapons Level 1  
  80  8:02  Zerg Ground Armor Level 1  
  80  8:10  Spore Crawler x2  
  78  8:13  Drone x4, Spore Crawler  
  78  8:14  Drone  
  77  8:36  Mutalisk x4  
  77  8:40  Mutalisk x3  
  85  8:43  Mutalisk  
  79  8:54  Drone x6  
  84  8:59  Drone x2  
  86  9:18  Drone x3  
  86  9:19  Spore Crawler  
  86  9:22  Zerg Flyer Armor Level 1  
  88  9:39  Corruptor x4  
  96  9:49  Drone  
  97  10:03  Corruptor  
  97  10:04  Corruptor x2  
  103  10:16  Corruptor x3  
  103  10:19  Overlord x3  
  75  10:48  Zergling x24  
  75  10:49  Zergling x6  
  89  11:20  Corruptor  
  89  11:21  Corruptor x5  
  101  11:27  Corruptor  
  101  11:28  Corruptor  
  101  11:32  Hatchery  
  103  12:06  Corruptor x3  
  103  12:07  Corruptor  
  110  12:15  Hatchery  
  109  12:28  Zerg Flyer Armor Level 2  
  109  12:32  Drone  
  109  12:33  Drone x2  
  109  12:34  Drone x2  
  109  12:35  Drone  
  115  12:43  Queen  
  117  12:52  Mutalisk x2  
  121  13:08  Extractor, Drone  
  121  13:09  Drone x3  
  121  13:10  Extractor  
  107  13:59  Hydralisk Den  
  107  14:00  Zerg Missile Weapons Level 1  
  106  14:10  Overlord x4  
  106  14:11  Overlord  
  106  14:35  Hydralisk  
  106  14:36  Hydralisk x17  
  142  14:43  Muscular Augments  
  142  15:01  Hatchery  
  142  15:04  Hydralisk  
  142  15:05  Hydralisk x2  
  147  15:29  Hydralisk x2  
  147  15:31  Overlord  
  147  15:32  Overlord x2  
  152  15:51  Hatchery  
  151  16:02  Hydralisk  
  151  16:03  Hydralisk x4  
  161  16:40  Hydralisk x7  
Tags
 
Add a new tag
Caveats
  • Supply blocks, unpowered buildings, or Contaminate may cause inaccurate times.
  • Supply counts are checked every 10 seconds.